Map: Site Delta LE

Players

PattyMac

  • Race: Protoss Protoss
  • Spawn Location: 5:00

DisReSpeCT - Winner!

  • Race: Terran Terran
  • Spawn Location: 11:00

Event: ESL Spring 2024 Finals

VOD

Have the link to the VOD?

Description

Time

  • Played on: May 31, 2024, 6:01 p.m.
  • Length: 12:22

All games in this series

Show
View Real Time Build Order
Export as new Build Order

PattyMac Protoss 

Build Orders: 1 Gate Expand 

Get SALT Encoding   

  12  0:00  Probe  
  13  0:12  Probe  
  14  0:16  Pylon  
  14  0:24  Probe (Chrono Boost)  
  16  0:36  Probe (Chrono Boost)  
  16  0:37  Gateway  
  16  0:43  Probe (Chrono Boost)  
  16  0:46  Assimilator  
  17  0:51  Probe  
  18  1:03  Probe  
  19  1:15  Probe  
  20  1:23  Cybernetics Core  
  20  1:34  Nexus  
  20  1:38  Pylon  
  20  1:42  Probe  
  21  1:53  Assimilator  
  21  1:54  Probe  
  21  2:00  Adept (Chrono Boost)  
  22  2:06  Probe  
  25  2:19  Stalker (Chrono Boost)  
  25  2:21  Probe  
  27  2:33  Probe  
  27  2:35  Shield Battery  
  27  2:36  Shield Battery  
  28  2:38  Pylon  
  28  2:45  Stalker  
  28  2:49  Probe  
  28  2:51  Warp Gate  
  31  3:05  Shield Battery  
  31  3:09  Probe  
  31  3:15  Stalker, Stargate  
  33  3:21  Probe  
  33  3:25  Probe  
  36  3:36  Probe (Chrono Boost)  
  36  3:37  Probe (Chrono Boost)  
  37  3:48  Probe (Chrono Boost)  
  38  3:50  Probe (Chrono Boost)  
  38  3:53  Probe (Chrono Boost)  
  39  3:58  Probe  
  39  3:59  Assimilator  
  39  4:00  Assimilator, Phoenix (Chrono Boost)  
  42  4:03  Probe  
  43  4:10  Probe, Pylon  
  43  4:15  Probe  
  46  4:24  Probe (Chrono Boost)  
  46  4:26  Robotics Facility  
  46  4:28  Probe (Chrono Boost)  
  46  4:29  Phoenix  
  49  4:35  Pylon  
  51  4:39  Probe x2 (Chrono Boost)  
  51  4:43  Probe (Chrono Boost)  
  52  4:46  Probe  
  49  4:53  Stalker  
  49  4:54  Phoenix (Chrono Boost)  
  45  5:07  Probe  
  45  5:13  Probe  
  46  5:16  Immortal (Chrono Boost)  
  46  5:19  Probe  
  51  5:25  Probe  
  52  5:33  Probe  
  53  5:37  Probe  
  54  5:45  Probe  
  54  5:48  Stalker  
  54  5:49  Probe  
  58  5:51  Gateway  
  57  6:01  Probe (Chrono Boost)  
  57  6:02  Probe (Chrono Boost)  
  53  6:04  Immortal  
  53  6:07  Phoenix  
  61  6:11  Pylon  
  61  6:12  Probe (Chrono Boost)  
  61  6:13  Probe (Chrono Boost)  
  61  6:17  Probe (Chrono Boost)  
  61  6:18  Robotics Bay  
  62  6:27  Pylon  
  62  6:29  Probe  
  63  6:33  Phoenix  
  63  6:35  Probe  
  66  6:43  Observer (Chrono Boost)  
  66  6:46  Nexus  
  67  6:49  Shield Battery  
  67  6:50  Probe  
  68  6:57  Sentry x2  
  75  7:11  Colossus (Chrono Boost)  
  75  7:13  Pylon  
  78  7:16  Pylon  
  78  7:22  Pylon  
  78  7:28  Pylon  
  78  7:31  Probe  
  78  7:33  Stalker x2  
  81  7:54  Probe x2  
  81  7:56  Phoenix  
  80  8:01  Pylon x2  
  80  8:05  Observer  
  80  8:10  Probe (Chrono Boost)  
  80  8:11  Probe x2 (Chrono Boost)  
  80  8:12  Colossus  
  79  8:13  Shield Battery  
  85  8:22  Probe (Chrono Boost)  
  85  8:23  Probe (Chrono Boost)  
  85  8:27  Probe (Chrono Boost)  
  86  8:29  Probe x2 (Chrono Boost)  
  86  8:31  Phoenix (Chrono Boost)  
  88  8:35  Stalker x2  
  88  8:36  Probe  
  88  8:37  Assimilator  
  88  8:38  Probe  
  88  8:40  Assimilator  
  94  8:42  Forge, Probe  
  94  8:45  Extended Thermal Lance  
  94  8:49  Phoenix  
  94  8:53  Probe  
  94  8:55  Probe x2  
  99  9:00  Gateway  
  99  9:04  Stargate  
  99  9:05  Probe  
  99  9:07  Probe  
  101  9:15  Stalker, Sentry  
  105  9:18  Phoenix, Protoss Ground Weapons Level 1 (Chrono Boost)  
  105  9:23  Probe  
  108  9:29  Probe  
  109  9:36  Colossus (Chrono Boost)  
  99  9:41  Zealot x2  
  99  9:44  Shield Battery  
  109  9:45  Photon Cannon  
  107  9:57  Phoenix (Chrono Boost)  
  107  9:58  Phoenix (Chrono Boost)  
  105  10:08  Probe  
  106  10:16  Probe  
  106  10:18  Zealot x2  
  106  10:19  Zealot, Fleet Beacon  
  113  10:22  Colossus  
  119  10:34  Cybernetics Core  
  119  10:36  Gateway  
  119  10:41  Phoenix (Chrono Boost)  
  123  10:47  Stalker  
  123  10:48  Stalker x2  
  123  10:49  Phoenix (Chrono Boost)  
  129  10:51  Nexus  
  129  10:56  Photon Cannon  
  129  11:00  Photon Cannon  
  129  11:01  Pylon  
  129  11:03  Pylon  
  129  11:14  Pylon  
  129  11:19  Carrier (Chrono Boost), Stargate  
  129  11:24  Twilight Council  
  141  11:33  Immortal  
  143  11:42  Shield Battery  
  143  11:43  Shield Battery  
  121  12:04  Zealot x4  
Show
View Real Time Build Order
Export as new Build Order

DisReSpeCT Terran - Winner!

Build Orders: Cyclone Opening 

Get SALT Encoding   

  12  0:00  SCV  
  13  0:12  SCV  
  14  0:18  Supply Depot  
  14  0:24  SCV  
  15  0:40  SCV, Barracks  
  16  0:46  Refinery  
  16  0:52  SCV  
  16  0:55  Refinery  
  17  1:04  SCV  
  18  1:16  SCV  
  19  1:28  Orbital Command, Reaper  
  20  1:36  Supply Depot  
  20  1:46  Factory  
  20  1:58  Bunker  
  20  2:00  Marine  
  21  2:02  SCV  
  22  2:14  SCV  
  23  2:26  SCV  
  23  2:28  Marine  
  25  2:32  Cyclone  
  27  2:38  SCV  
  27  2:42  Supply Depot  
  28  2:46  Marine  
  28  2:50  SCV  
  28  2:51  Starport  
  30  3:03  SCV  
  31  3:11  Cyclone  
  33  3:15  Command Center  
  34  3:20  SCV  
  34  3:32  SCV, Medivac  
  36  3:35  Barracks  
  34  3:48  Factory Tech Lab  
  34  3:54  SCV  
  34  3:58  Engineering Bay, Barracks  
  33  4:05  Liberator  
  36  4:11  SCV  
  37  4:19  Marine, Stimpack  
  37  4:23  Factory Reactor  
  38  4:25  Barracks Reactor  
  38  4:26  SCV  
  38  4:27  Orbital Command, Missile Turret  
  40  4:38  SCV  
  40  4:39  Marine  
  40  4:40  Terran Infantry Weapons Level 1  
  41  4:50  SCV  
  42  4:58  SCV  
  42  5:02  SCV, Marine x3  
  45  5:07  Orbital Command  
  46  5:15  SCV  
  46  5:22  Barracks Tech Lab  
  46  5:23  Starport Reactor  
  46  5:33  Supply Depot  
  46  5:35  Supply Depot, Bunker  
  46  5:40  Combat Shield  
  46  5:53  Factory Tech Lab  
  46  5:54  SCV, Marine x4  
  46  5:55  SCV  
  52  6:05  Medivac  
  52  6:07  SCV x2  
  53  6:12  Marine x3  
  53  6:13  Supply Depot  
  56  6:18  Marine, Refinery  
  56  6:19  Supply Depot, SCV x2  
  59  6:29  Command Center  
  59  6:30  Marine x3  
  62  6:34  Concussive Shells, SCV x2  
  62  6:37  Supply Depot  
  64  6:43  Terran Infantry Armor Level 1  
  64  6:46  SCV x2, Marine  
  67  6:48  Refinery  
  67  6:50  Marine, Marauder x2  
  72  6:59  SCV  
  73  7:04  Marine  
  74  7:08  Medivac  
  74  7:09  SCV  
  74  7:11  SCV  
  74  7:12  Marauder  
  74  7:13  Supply Depot, Barracks  
  74  7:14  Barracks  
  80  7:17  Marauder  
  80  7:21  SCV  
  83  7:25  SCV  
  83  7:26  Supply Depot  
  83  7:28  Marine  
  85  7:34  SCV  
  85  7:35  Marauder  
  88  7:38  Marauder  
  86  7:54  Marine  
  86  7:55  Siege Tank, Medivac x2  
  86  7:56  Marine  
  86  7:57  Marauder  
  94  7:59  Marauder  
  94  8:13  SCV  
  94  8:14  SCV  
  94  8:16  Barracks Tech Lab  
  94  8:17  Marine x2, Barracks Reactor  
  94  8:18  Marauder  
  99  8:21  Starport, Engineering Bay, Marauder, Armory  
  99  8:25  SCV  
  99  8:26  SCV  
  103  8:27  Missile Turret  
  103  8:35  Marine  
  103  8:36  Medivac x2  
  103  8:38  SCV x2  
  112  8:44  Orbital Command  
  112  8:50  SCV x2, Marauder  
  112  8:51  Marine  
  112  8:52  Marauder  
  117  8:59  Supply Depot  
  117  9:00  Refinery  
  117  9:05  Starport Reactor  
  117  9:17  Terran Infantry Armor Level 2  
  117  9:18  Supply Depot, Terran Infantry Weapons Level 2  
  117  9:19  Supply Depot, Terran Ship Weapons Level 1  
  117  9:20  Marine x5  
  117  9:21  Supply Depot, SCV x2  
  117  9:22  SCV  
  125  9:33  SCV x2  
  120  9:40  Marauder x3, Viking x2  
  120  9:41  Marine x2  
  120  9:45  SCV x2  
  129  9:56  Marine  
  129  9:57  Marine, Viking x2  
  129  9:59  Marine x2  
  129  10:01  Marauder x3  
  126  10:09  SCV  
  126  10:10  Viking x2  
  131  10:18  Marine x4, Refinery  
  135  10:24  Marine x2  
  135  10:27  Viking  
  139  10:29  Command Center  
  139  10:31  Viking  
  139  10:32  Marine  
  143  10:36  Supply Depot, Marine  
  143  10:38  Marine x3  
  143  10:42  Marine  
  147  10:47  Supply Depot x2  
  147  10:48  Supply Depot  
  147  10:51  Ghost Academy  
  147  10:53  Marauder  
  149  10:57  Viking  
  149  10:58  Marauder  
  149  10:59  SCV  
  149  11:00  Marine x3  
  149  11:01  Supply Depot  
  157  11:08  SCV, Marine, Viking  
  161  11:13  Liberator x2  
  161  11:14  SCV x2  
  169  11:22  Ghost x3  
  169  11:23  Marine  
  176  11:27  Supply Depot  
  176  11:31  Supply Depot  
  176  11:32  Marine x2  
  178  11:33  Marine  
  179  11:51  Marine, Marauder  
  179  11:52  Marine x3, Marauder x2  
  180  12:07  SCV  
Tags
 
Add a new tag
Caveats
  • Supply blocks, unpowered buildings, or Contaminate may cause inaccurate times.
  • Supply counts are checked every 10 seconds.